 Dungeon Crawl Stone Soup version 0.29-a0-207-gf982a884d8 (webtiles) character file.

Game seed: 663467349996866272

409151 dolemite99 the Sniper (level 22, -7/209 HPs)
             Began as a Minotaur Hunter on Feb 23, 2022.
             Was an Elder of Okawaru.
             Shot with an arrow by a deep elf master archer (18 damage)
             ... on level 3 of the Elven Halls on Feb 24, 2022.
             The game lasted 02:01:07 (70028 turns).

dolemite99 the Sniper (Minotaur Hunter)            Turns: 70028, Time: 02:01:08

Health: -7/209     AC: 32    Str: 21    XL:     22   Next: 43%
Magic:  28/28      EV: 19    Int: 10    God:    Okawaru [****..]
Gold:   1233       SH:  0    Dex: 18    Spells: 22/29 levels left

rFire   . . .      SeeInvis +   a - +5 triple crossbow (flame)
rCold   + . .      Faith    +   (shield currently unavailable)
rNeg    + . .      Spirit   .   c - +4 storm dragon scales {Bai Suzhen}
rPois   +          Reflect  .   l - +0 hat "Sutam" {Fly rN+ Will+}
rElec   +          Harm     .   P - +0 cloak of the Barber Surgeon {+Inv rPois rC+ Regen+}
rCorr   +          Rampage  .   (no gloves)
Will    +++..                   n - +2 pair of boots
Stlth   ..........              L - amulet "Exirphil" {Faith Dex+2 SInv}
HPRegen 1.24/turn               U - ring of resist corrosion
MPRegen 0.21/turn               z - ring of willpower {=R}

@: heroic, flying
A: horns 2, retaliatory headbutt
}: 2/15 runes: decaying, gossamer
a: Renounce Religion, Evoke Invisibility, Heroism, Finesse


You were on level 3 of the Elven Halls.
You worshipped Okawaru.
Okawaru was greatly pleased with you.
You visited 9 branches of the dungeon, and saw 41 of its levels.
You visited the Abyss 1 time.
You also visited: Ice Cave and Wizlab.

You collected 6915 gold pieces.
You spent 5682 gold pieces at shops.

Inventory:

Hand Weapons
 a - a +5 triple crossbow of flaming (weapon)
 b - a +2 vampiric glaive
 d - the +8 trident of the Octopus King {venom, rElec rPois}
   (You found it on level 1 of the Lair of Beasts)

   It poisons the flesh of those it strikes.
   rElec:     It insulates you from electricity.
   rPois:     It protects you from poison.
 F - a +7 arbalest of flaming
 W - a +4 vorpal glaive
Armour
 c - +4 storm dragon scales (worn) {Bai Suzhen}
 l - the +0 hat "Sutam" (worn) {Fly rN+ Will+}
   (Okawaru gifted it to you on level 5 of the Lair of Beasts)

   rN:        It protects you from negative energy.
   Fly:       It grants you flight.
   Will:      It increases your willpower.
 n - a +2 pair of boots (worn)
 P - the +0 cloak of the Barber Surgeon (worn) {+Inv rPois rC+ Regen+}
   (Okawaru gifted it to you on level 4 of the Swamp)

   rC:        It protects you from cold.
   rPois:     It protects you from poison.
   +Inv:      It lets you turn invisible.
   Regen:     It increases your rate of health regeneration.
Jewellery
 g - a ring of poison resistance
 i - the ring of Xom's Fair Game {EV+4 Int+5}
   (You bought it in a shop on level 2 of the Depths)

   [ring of evasion]

   EV:        It affects your evasion (+4).
   Int:       It affects your intelligence (+5).
 p - a ring of wizardry
 q - the ring "Haosan" {*Corrode Fly Dex+6 Slay+4 Stlth+}
   (You took it off a spriggan air mage on level 4 of the Depths)

   [ring of dexterity]

   Dex:       It affects your dexterity (+6).
   Slay:      It affects your accuracy & damage with ranged weapons and melee
   (+4).
   Fly:       It grants you flight.
   *Corrode:  It may corrode you when you take damage.
   Stlth:     It makes you more stealthy.
 s - the ring "Elaimap" {AC+4 Dex+2}
   (You found it on level 4 of the Depths)

   [ring of protection]

   AC:        It affects your AC (+4).
   Dex:       It affects your dexterity (+2).
 v - a ring of protection from fire
 w - a +4 ring of evasion
 x - a +4 ring of protection
 y - a ring of positive energy
 z - a ring of willpower (right hand) {=R}
 C - a +6 ring of intelligence
 D - a ring of see invisible
 E - the ring of the Wary Quests {Ice Contam rElec rPois Int-2}
   (You took it off a deep elf annihilator on level 3 of the Elven Halls)

   [ring of ice]

   It enhances your ice magic.
   Int:       It affects your intelligence (-2).
   rF:        It makes you vulnerable to fire.
   rC:        It protects you from cold.
   rElec:     It insulates you from electricity.
   rPois:     It protects you from poison.
   Contam:    It causes magical contamination when unequipped.
 H - a ring of protection from cold
 I - an amulet of the acrobat
 L - the amulet "Exirphil" (around neck) {Faith Dex+2 SInv}
   (You found it in an ice cave)

   [amulet of faith]

   It allows you to gain divine favour quickly.
   Dex:       It affects your dexterity (+2).
   SInv:      It lets you see invisible.
 U - a ring of resist corrosion (left hand)
Wands
 k - a wand of mindburst (2)
 t - a wand of digging (20)
 J - a wand of polymorph (46)
 R - a wand of flame (29)
 V - a wand of paralysis (3)
Scrolls
 f - 8 scrolls of teleportation
 m - 6 scrolls of fog
 A - 4 scrolls of blinking
 K - a scroll of brand weapon
 N - 7 scrolls of vulnerability
 O - 7 scrolls of silence
 X - 31 scrolls of identify {@r1}
Potions
 e - 8 potions of ambrosia
 j - 4 potions of berserk rage
 o - 6 potions of brilliance
 r - 10 potions of curing
 u - 4 potions of cancellation
 B - 2 potions of magic
 M - a potion of resistance
 Q - 8 potions of attraction
Miscellaneous
 h - a lightning rod (4/4)
 G - a phial of floods


   Skills:
 + Level 20.3(25.3) Fighting
 - Level 18.0(23.0) Polearms
 - Level 22.0(27) Crossbows
 - Level 20.9(25.9) Armour
 - Level 14.7(19.7) Dodging
 - Level 0.7(5.7) Stealth
 - Level 7.3(12.3) Shields
 - Level 4.0 Spellcasting
 - Level 8.3 Translocations
 - Level 10.5 Invocations
 - Level 13.0 Evocations


You had 22 spell levels left.
You knew the following spells:

 Your Spells              Type           Power      Damage    Failure   Level
a - Blink                 Tloc           36%        N/A       3%          2
b - Passwall              Tmut/Erth      1%         N/A       71%         2
c - Portal Projectile     Hex/Tloc       20%        N/A       36%         3

Your spell library contained the following spells:

 Spells                   Type           Power      Damage    Failure   Level
 Lesser Beckoning         Tloc           18%        N/A       7%          3
 Passage of Golubria      Tloc           18%        N/A       24%         4
 Manifold Assault         Tloc           18%        N/A       54%         5
 Beastly Appendage        Tmut           4%         N/A       56%         1
 Pain                     Necr           8%         1d4       56%         1
 Sandblast                Erth           4%         2d4       56%         1
 Slow                     Hex            8%         N/A       56%         1
 Sting                    Tmut/Pois      8%         1d3       56%         1
 Corpse Rot               Necr/Air       4%         N/A       71%         2
 Ensorcelled Hibernation  Hex/Ice        4%         N/A       71%         2
 Poisonous Vapours        Pois/Air       4%         N/A       71%         2
 Static Discharge         Conj/Air       2%         N/A       71%         2
 Wereblood                Tmut           2%         N/A       71%         2
 Iskenderun's Mystic Bla  Conj/Tloc      10%        2d4       78%         4
 Confusing Touch          Hex            2%         N/A       91%         3
 Conjure Flame            Conj/Fire      2%         6-21      91%         3
 Dazzling Flash           Conj/Hex       4%         N/A       91%         3
 Frozen Ramparts          Ice            4%         1d2       91%         3
 Ignite Poison            Fire/Tmut/Pois 2%         N/A       91%         3
 Spider Form              Tmut/Pois      2%         N/A       91%         3
 Stone Arrow              Conj/Erth      4%         3d7       91%         3
 Vampiric Draining        Necr           2%         2d6       91%         3
 Anguish                  Hex/Necr       1%         N/A       100%        4
 Flame Wave               Conj/Fire      2%         2d4       100%        4
 Fulminant Prism          Conj/Hex       1%         3d6       100%        4
 Leda's Liquefaction      Hex/Erth       1%         N/A       100%        4
 Olgreb's Toxic Radiance  Pois           2%         N/A       100%        4
 Petrify                  Tmut/Erth      2%         N/A       100%        4
 Sticky Flame             Conj/Fire      2%         2d3       100%        4
 Alistair's Intoxication  Tmut/Pois      1%         N/A       100%        5
 Blade Hands              Tmut           1%         N/A       100%        5
 Borgnjor's Vile Clutch   Necr/Erth      1%         N/A       100%        5
 Excruciating Wounds      Necr           1%         N/A       100%        5
 Fireball                 Conj/Fire      1%         3d3       100%        5
 Freezing Cloud           Conj/Ice/Air   1%         6-21      100%        5
 Iskenderun's Battlesphe  Conj           2%         2d6       100%        5
 Metabolic Englaciation   Hex/Ice        1%         N/A       100%        5
 Yara's Violent Unravell  Hex/Tmut       1%         3d3       100%        5
 Conjure Ball Lightning   Conj/Air       1%         3x3d6     100%        6
 Eringya's Noxious Bog    Tmut/Pois      1%         N/A       100%        6
 Starburst                Conj/Fire      1%         6d3       100%        6
 Statue Form              Tmut/Erth      1%         N/A       100%        6
 Orb of Destruction       Conj           1%         9d5       100%        7
 Ozocubu's Refrigeration  Ice            1%         4d5       100%        7
 Storm Form               Tmut/Air       1%         N/A       100%        7
 Lehudib's Crystal Spear  Conj/Erth      1%         10d2      100%        8
 Maxwell's Capacitive Co  Air            1%         ∞         100%        8
 Polar Vortex             Ice            1%         N/A       100%        9
 Animate Skeleton         Necr           Unusable   N/A       N/A         1
 Call Canine Familiar     Summ           Unusable   N/A       N/A         3
 Summon Guardian Golem    Hex/Summ       Unusable   N/A       N/A         3
 Tukima's Dance           Hex            Unusable   N/A       N/A         3
 Summon Lightning Spire   Summ/Air       Unusable   N/A       N/A         4
 Simulacrum               Ice/Necr       Unusable   N/A       N/A         6
 Spellforged Servitor     Conj/Summ      Unusable   N/A       N/A         7

Dungeon Overview and Level Annotations

Branches:
Dungeon (15/15)            Temple (1/1) D:5            Lair (6/6) D:9
  Swamp (4/4) Lair:4       Spider (4/4) Lair:3        Slime (0/5) Lair:5
    Orc (2/2) D:9             Elf (3/3) Orc:2        Vaults (2/5) D:13
 Depths (4/4) D:15            Zot (0/5) Depths:4      IceCv (visited)
 WizLab (visited)
  Crypt: Vaults:2-3

Altars:
Ashenzari
Fedhas
Kikubaaqudgha
Nemelex Xobeh
Okawaru
Qazlal
Sif Muna
Trog
Uskayaw
Vehumet
Xom
Yredelemnul
Zin
Beogh
Jiyva
Lugonu

Shops:
D:7 (*(*   D:10 ?   D:12 (   D:14 *   D:15 (   Orc:2 (*:*   Elf:1 =::(
Vaults:1 ?   Vaults:2 =   Depths:2 =

Portals:
Hell: Depths:1 Depths:2 Depths:3 Depths:4
Abyss: Orc:2 Depths:3
Pandemonium: Depths:2 Depths:3
Ziggurat: Depths:3

Annotations:
D:9 3 runed translucent doors, siradein's ghost, novice TrFi
D:11 3 runed translucent doors, jlumianski's ghost, journeyman DsIE
D:13 3 runed translucent doors, Ejaov's ghost, journeyman GnWr
Lair:1 exclusion: oklob plant
Lair:2 Rupert
Lair:5 1 runed translucent door
Elf:2 3 runed translucent doors
Depths:1 1 runed translucent door
Depths:4 2 transporters


Innate Abilities, Weirdness & Mutations

You have a pair of horns on your head.
You reflexively headbutt those who attack you in melee.


Message History

The deep elf master archer shoots an arrow.
The arrow hits you but does no damage.
The deep elf master archer shoots an arrow.
The arrow hits you!!
* * * LOW HITPOINT WARNING * * *
The deep elf master archer shoots an arrow.
The arrow barely misses you.
Shoot: a) +5 triple crossbow (flame)
Press: ? - help, Shift-Dir - straight line, f/p - deep elf master archer
Aim: a deep elf master archer, wielding a +0 longbow, wearing a +0 plate armour, wearing a +4 ring of protection and quivering stones (lightly wounded, 75% to hit)
You shoot a bolt.
The bolt hits the deep elf master archer.
The bolt burns the deep elf master archer.
The deep elf master archer is lightly wounded.
The deep elf master archer shoots an arrow.
The arrow hits you.
* * * LOW HITPOINT WARNING * * *
The deep elf master archer shoots an arrow.
The arrow misses you.
Shoot: a) +5 triple crossbow (flame)
Press: ? - help, Shift-Dir - straight line, f/p - deep elf master archer
Aim: a deep elf master archer, wielding a +0 longbow, wearing a +0 plate armour, wearing a +4 ring of protection and quivering stones (lightly wounded, 75% to hit)
You shoot a bolt.
The bolt hits the deep elf master archer!!!
The bolt burns the deep elf master archer!
The deep elf master archer is almost dead.
The deep elf master archer shoots an arrow.
The arrow misses you.
As you read the scroll of fog, it crumbles to dust.
The scroll dissolves into smoke.
The deep elf master archer shoots an arrow.
The arrow hits you!!
* * * LOW HITPOINT WARNING * * *
The deep elf master archer shoots an arrow.
The arrow hits you!!
* * * LOW HITPOINT WARNING * * *
You feel better.
The deep elf master archer shoots an arrow.
The arrow hits you!!
You die...

.☼○ ... #e# ####.####
###..#)#..# ##.)))#)#.##
#...|.#e#.# ###.#.#§#§#
########)§§@§.##########
#.........§§§..........#
#.........#§#.##.#######
#.........###.##.#
####)....).###.##.# #####
#...)....)........# #...#
#.#####....)...#######...#
#.## #.......[##........####
#..####.........#.#.........#


You could see a deep elf master archer and a deep elf annihilator.

Vanquished Creatures
  An ancient lich (Depths:4)
  Bai Suzhen (Vaults:2)
  Parghit (Arena)
  Saint Roka (Depths:1)
  2 caustic shrikes
  Nikola (Swamp:3)
  2 golden dragons
  the Enchantress (Depths:2)
  Arachne (Spider:4)
  Jorgrun (D:12)
  4 tentacled monstrosities
  5 liches
  A deep elf master archer (Elf:3)
  2 titans (Depths:4)
  A quicksilver dragon (Depths:3)
  4 sphinxes
  4 tentacled starspawn (Abyss:4)
  2 deep elf blademasters (Elf:3)
  Gastronok (D:12)
  3 shadow dragons
  2 tengu reavers (Depths:4)
  An azure jelly (IceCv)
  2 draconian knights (Depths:4)
  5 emperor scorpions
  4 vault wardens
  6 fenstrider witches
  11 frost giants
  Louise (Swamp:4)
  An orc warlord (Elf:2)
  4 deep elf sorcerers
  2 fire giants
  8 ghost moths
  3 iron dragons
  A draconian stormcaller (WizLab)
  A draconian annihilator (Depths:4)
  2 reapers (Swamp:4)
  A quicksilver ooze (IceCv)
  8 spriggan defenders
  14 stone giants
  5 deep elf elementalists
  4 ironbound preservers
  4 vampire knights
  5 ironbound thunderhulks
  22 very ugly things
  3 eleionomae
  12 dire elephants
  11 purple draconians (WizLab)
  6 deep elf demonologists
  4 deep elf annihilators (Elf:3)
  15 spark wasps
  5 bunyips
  6 deep elf death magi
  9 statues (WizLab)
  8 ettins
  10 fire dragons
  Josephine (Lair:6)
  5 shambling mangroves
  12 great orbs of eyes
  6 deep elf high priests
  4 boulder beetles
  5 yaktaur captains
  9 ice dragons
  5 vault guards
  14 spriggan air magi
  4 rakshasas
  2 ghost crabs
  2 ogre magi
  13 hydras
  7 two-headed ogres
  4 centaur warriors
  A jorogumo (Spider:4)
  4 ironbound frosthearts (Vaults:2)
  A catoblepas (Lair:6)
  19 dancing weapons
  8 alligators
  7 deep troll shamans
  7 deep troll earth magi
  5 orc high priests
  4 tengu warriors
  2 vampire magi (Depths:4)
  16 deep elf knights
  4 spriggan berserkers
  A thrashing horror (Abyss:4)
  14 spriggans
  A storm dragon zombie (Depths:3)
  A shadow wraith (Vaults:1)
  14 hell knights
  2 wretched stars (Abyss:4)
  5 pharaoh ants
  5 iron trolls
  A spark wasp zombie (Depths:3)
  4 goliath frogs
  4 spriggan druids
  3 sixfirhies (Swamp:4)
  8 steelbarb worms
  2 sphinx zombies
  A glowing orange brain (Depths:3)
  A flayed ghost (Depths:1)
  10 orb spiders
  11 bog bodies
  19 deep trolls
  5 swamp dragons
  17 deep elf archers
  9 wizards
  4 starcursed masses (Abyss:4)
  2 phantasmal warriors (Depths:2)
  33 deep elf pyromancers
  Pikel (D:5)
  11 necromancers
  7 ironbound convokers
  29 deep elf zephyrmancers
  10 orc knights
  13 wolf spiders
  29 ugly things
  2 lindwurms
  A human zombie (Vaults:2)
  2 frost giant zombies
  8 orc sorcerers
  8 cyclopes
  6 large abominations (Abyss:4)
  A worldbinder (Abyss:4)
  2 moths of wrath (Spider:3)
  3 will-o-the-wisps
  8 black mambas
  6 vault sentinels
  Maurice (D:12)
  A titan simulacrum (Depths:1)
  3 ice statues (IceCv)
  10 torpor snails
  3 smoke demons (Abyss:4)
  A fire giant skeleton (Depths:1)
  2 gargoyles
  A molten gargoyle (Lair:4)
  2 orange demons (Swamp:4)
  9 rime drakes
  Maggie (D:6)
  8 cane toads
  10 demonic crawlers
  3 unseen horrors
  2 hellions (Abyss:4)
  15 yaktaurs
  3 entropy weaver simulacra (IceCv)
  An ancient zyme (Abyss:4)
  3 hellwings (Swamp:4)
  A freezing wraith (Abyss:4)
  10 komodo dragons
  22 tengu conjurers
  A merfolk (shapeshifter) (Depths:3)
  A polar bear (Lair:2)
  6 trolls
  8 tyrant leeches
  A bloated husk (Swamp:4)
  4 meliai
  25 tarantellas
  8 blink frogs
  A harpy skeleton (Abyss:4)
  2 raiju (Abyss:4)
  A stone giant simulacrum (Vaults:2)
  5 dream sheep (Lair:5)
  28 hornets
  10 culicivoras
  50 slime creatures
  2 air elementals (Elf:3)
  A vampire (D:10)
  2 culicivoras (shapeshifter)
  9 jumping spiders
  3 wraiths (Lair:6)
  Eustachio (D:4)
  49 yaks
  2 water elementals (Elf:1)
  3 wyverns
  2 fire elementals
  A hog (shapeshifter) (D:15)
  19 vampire mosquitoes
  6 basilisks
  2 chaos spawn (Swamp:4)
  A neqoxec (Swamp:4)
  15 steam dragons
  30 redbacks
  22 swamp worms
  An ogre zombie (Vaults:2)
  2 acid dragons
  2 demonic crawler simulacra (IceCv)
  5 wargs
  Duvessa (D:7)
  23 water moccasins
  A naga skeleton (Abyss:4)
  A hornet zombie (D:6)
  An ice beast (D:5)
  2 swamp drakes
  35 orc warriors
  3 sky beasts
  2 ugly thing simulacra (IceCv)
  A black bear (Lair:3)
  7 ogres
  10 wolves
  2 necrophages
  15 centaurs
  A lemure (D:6)
  2 kobold brigands
  Blork the orc (D:6)
  10 bullfrogs
  2 gnoll sergeants
  4 earth elementals
  3 glowing shapeshifter simulacra
  A small abomination (Abyss:4)
  A cane toad simulacrum (Orc:1)
  3 two-headed ogre simulacra (Orc:1)
  4 scorpions
  2 water moccasin zombies (D:6)
  A wyvern skeleton (D:6)
  2 water moccasin skeletons
  Dowan (D:7)
  10 killer bees
  A vampire bat (D:4)
  5 howler monkeys
  3 electric eels
  A lava snake (D:10)
  A crimson imp (Abyss:4)
  5 centaur zombies
  2 gnoll shamans
  A bullfrog zombie (D:6)
  8 hounds
  A centaur skeleton (D:5)
  Crazy Yiuf (D:5)
  A bullfrog skeleton (D:6)
  2 jellies (D:5)
  30 orc priests
  6 hell rats (Lair:4)
  3 iguanas
  Natasha (twice) (D:2)
  29 orc wizards
  2 troll simulacra (Orc:1)
  2 killer bee zombies (D:8)
  3 howler monkey zombies
  22 gnolls
  8 adders
  2 naga simulacra (Orc:1)
  3 shadow imps
  4 white imps
  2 ufetubi
  An adder skeleton (D:4)
  2 worms (D:4)
  A dart slug (D:1)
  83 orcs
  2 bat skeletons (D:4)
  3 bat zombies (D:4)
  6 endoplasms
  A giant cockroach (D:1)
  9 goblins
  9 hobgoblins
  6 jackals
  18 kobolds
  7 quokkas
  5 ball pythons
  4 bats
  7 frilled lizards
  7 rats
  A lurking horror (Orc:2)
1657 creatures vanquished.

Vanquished Creatures (others)
  A dire elephant (Vaults:2)
  3 deep elf knights
  A deep elf zephyrmancer (Elf:3)
  A will-o-the-wisp (Swamp:3)
  A large abomination (Abyss:4)
  A raiju (Abyss:4)
  A golden eye (Abyss:4)
  An orc warrior (Elf:1)
  A bullfrog (D:7)
  10 foxfires
  22 fungi
  A lurking horror (Abyss:4)
  42 plants
  3 starspawn tentacles (Abyss:4)
89 creatures vanquished.

Grand Total: 1746 creatures vanquished

Notes
Turn   | Place    | Note
-------+----------+-------------------------------------------
     0 | D:1      | dolemite99 the Minotaur Hunter began the quest for the Orb.
     0 | D:1      | Reached XP level 1. HP: 18/18 MP: 0/0
    84 | D:1      | Reached XP level 2. HP: 21/25 MP: 1/1
   180 | D:1      | Reached skill level 5 in Crossbows
   453 | D:1      | Reached XP level 3. HP: 30/30 MP: 2/2
  1163 | D:2      | Reached skill level 6 in Crossbows
  1450 | D:2      | Noticed Natasha
  1458 | D:2      | Killed Natasha
  1459 | D:2      | Reached XP level 4. HP: 25/37 MP: 3/3
  1934 | D:3      | Found a faded altar of an unknown god.
  1940 | D:3      | Prayed at the altar of an unknown god.
  1940 | D:3      | Became a worshipper of Warmaster Okawaru
  1940 | D:3      | Reached * piety under Okawaru
  2078 | D:3      | HP: 1/37 [poisoned by an adder]
  2538 | D:3      | Noticed a scorpion
  2549 | D:3      | Killed a scorpion
  2550 | D:3      | Reached skill level 7 in Crossbows
  2550 | D:3      | Reached XP level 5. HP: 7/42 MP: 4/4
  3501 | D:4      | Found an ancient bone altar of Kikubaaqudgha.
  3510 | D:4      | Reached skill level 8 in Crossbows
  3521 | D:4      | Reached XP level 6. HP: 44/50 MP: 5/5
  3657 | D:4      | Noticed Eustachio
  3683 | D:4      | Killed Eustachio
  3684 | D:4      | Reached skill level 9 in Crossbows
  4205 | D:4      | Reached XP level 7. HP: 46/56 MP: 6/6
  4558 | D:5      | Entered Level 5 of the Dungeon
  4578 | D:5      | Reached skill level 10 in Crossbows
  4717 | D:5      | Reached ** piety under Okawaru
  5074 | D:5      | Reached XP level 8. HP: 62/62 MP: 7/7
  5482 | D:5      | Reached skill level 5 in Dodging
  5580 | D:5      | Found a staircase to the Ecumenical Temple.
  6125 | D:5      | Found a runed translucent door.
  6126 | D:5      | Noticed Crazy Yiuf
  6225 | D:5      | Killed Crazy Yiuf
  7133 | Temple   | Entered the Ecumenical Temple
  7173 | D:6      | Reached skill level 5 in Fighting
  7247 | D:6      | Identified the ring of Titzarch {Contam Fly rCorr Str+3}
  7313 | D:6      | Reached *** piety under Okawaru
  7314 | D:6      | Reached XP level 9. HP: 68/75 MP: 8/8
  7720 | D:6      | Noticed Maggie
  7744 | D:6      | Killed Maggie
  7969 | D:6      | Reached skill level 1 in Shields
  8137 | D:6      | Noticed Blork the orc
  8146 | D:6      | Killed Blork the orc
  8290 | D:6      | Noticed Pikel
  8331 | D:5      | Killed Pikel
  8331 | D:5      | Reached **** piety under Okawaru
  8541 | D:7      | Reached skill level 1 in Invocations
  8613 | D:7      | Reached XP level 10. HP: 76/88 MP: 10/10
  8672 | D:7      | Noticed a two-headed ogre
  8793 | D:7      | Found Vyemogam's Weapon Boutique.
  8889 | D:7      | Found Dafecaudd's Assorted Antiques.
  8895 | D:7      | Bought a scroll of enchant armour for 195 gold pieces
  8899 | D:7      | Bought a potion of heal wounds for 130 gold pieces
  8899 | D:7      | Bought a potion of heal wounds for 130 gold pieces
  8948 | D:7      | Noticed Duvessa
  8951 | D:7      | Noticed Dowan
  8955 | D:7      | Killed Duvessa
  8962 | D:7      | Killed Dowan
  9017 | D:7      | Found Voad's Weapon Emporium.
  9030 | D:7      | Killed a two-headed ogre
  9030 | D:7      | Reached ***** piety under Okawaru
  9031 | D:7      | Reached skill level 5 in Invocations
  9036 | D:7      | Received a gift from Okawaru
  9109 | D:7      | Found Tosinu Uxath's Assorted Antiques.
  9234 | D:7      | Found a sparkling altar of Nemelex Xobeh.
  9526 | D:8      | Found a basalt altar of Yredelemnul.
  9603 | D:8      | Reached skill level 5 in Armour
  9683 | D:8      | Received a gift from Okawaru
 10446 | D:7      | Bought a potion of curing for 84 gold pieces
 10554 | D:9      | Found a staircase to the Orcish Mines.
 10645 | D:9      | Reached skill level 10 in Fighting
 10718 | D:9      | Found a stormy altar of Qazlal.
 10735 | D:9      | Reached XP level 11. HP: 99/99 MP: 12/14
 10786 | D:9      | Found a staircase to the Lair.
 10788 | D:9      | Noticed a two-headed ogre
 10800 | D:9      | Killed a two-headed ogre
 11023 | D:9      | Received a gift from Okawaru
 11051 | D:9      | Found a runed translucent gate.
 11051 | D:9      | Found a runed translucent gate.
 11051 | D:9      | Found a runed translucent gate.
 11052 | D:9      | Noticed a nine-headed hydra
 11053 | D:9      | Noticed siradein's ghost (novice TrFi)
 11305 | Lair:1   | Entered Level 1 of the Lair of Beasts
 11305 | Lair:1   | Found the +8 trident of the Octopus King {venom, rElec
                  | rPois}
 11352 | Lair:1   | Reached skill level 1 in Polearms
 11404 | Lair:1   | Found a blossoming altar of Fedhas.
 11433 | Lair:1   | Noticed an oklob plant
 11769 | Lair:1   | Reached skill level 5 in Polearms
 12318 | Lair:2   | Received a gift from Okawaru
 12508 | Lair:2   | Noticed a boulder beetle
 12521 | Lair:2   | Killed a boulder beetle
 12522 | Lair:2   | Reached skill level 11 in Crossbows
 12692 | Lair:2   | Noticed a five-headed hydra
 12707 | Lair:2   | Killed a five-headed hydra
 12708 | Lair:2   | Reached XP level 12. HP: 77/110 MP: 15/15
 12784 | Lair:2   | Reached skill level 12 in Crossbows
 12796 | Lair:2   | Received a gift from Okawaru
 13134 | Lair:2   | Found the +8 whip "Snakebite" {venom, curare, rPois}
 13255 | Lair:2   | Noticed a four-headed hydra
 13263 | Lair:2   | Killed a four-headed hydra
 13264 | Lair:2   | Reached skill level 13 in Crossbows
 13385 | Lair:3   | Noticed Rupert
 13423 | Lair:3   | Found a hole to the Spider Nest.
 13561 | Lair:3   | Received a gift from Okawaru
 13589 | Lair:3   | Reached skill level 14 in Crossbows
 14484 | Lair:4   | Reached skill level 15 in Crossbows
 14705 | Lair:4   | Noticed a five-headed hydra
 14710 | Lair:4   | Killed a five-headed hydra
 14758 | Lair:4   | Noticed a fire dragon
 14769 | Lair:4   | Killed a fire dragon
 14774 | Lair:4   | Reached skill level 16 in Crossbows
 14774 | Lair:4   | Reached XP level 13. HP: 53/116 MP: 16/16
 15084 | Lair:4   | Received a gift from Okawaru
 15409 | Lair:4   | Found a staircase to the Swamp.
 15537 | Lair:5   | Found a runed translucent door.
 15540 | Lair:5   | Found a viscous altar of Jiyva.
 15542 | Lair:5   | Found a staircase to the Slime Pits.
 15840 | Lair:5   | Identified the +0 hat "Sutam" {Fly rN+ Will+} (Okawaru
                  | gifted it to you on level 5 of the Lair of Beasts)
 15840 | Lair:5   | Received a gift from Okawaru
 16215 | Lair:6   | Entered Level 6 of the Lair of Beasts
 16486 | Lair:6   | Reached skill level 15 in Fighting
 16508 | Lair:6   | Noticed a dire elephant
 17012 | Lair:6   | Killed a dire elephant
 17246 | Lair:6   | Noticed Josephine
 17263 | Lair:6   | Killed Josephine
 17296 | Lair:6   | Found a runed translucent door.
 17612 | Lair:6   | Reached XP level 14. HP: 132/138 MP: 17/17
 17660 | Lair:6   | Received a gift from Okawaru
 18086 | D:10     | Entered Level 10 of the Dungeon
 18278 | D:10     | Found a hide-covered altar of Uskayaw.
 18482 | D:10     | Found Ydweibin's Magic Scroll Emporium.
 18659 | D:10     | Found a shimmering altar of Xom.
 18801 | D:10     | Bought a scroll of holy word for 97 gold pieces
 18801 | D:10     | Bought a scroll of enchant armour for 97 gold pieces
 18801 | D:10     | Bought a scroll of identify for 26 gold pieces
 18801 | D:10     | Bought a scroll of identify for 26 gold pieces
 18801 | D:10     | Bought a scroll of identify for 26 gold pieces
 19499 | D:11     | Reached skill level 10 in Armour
 19570 | D:11     | Noticed jlumianski's ghost (journeyman DsIE)
 19647 | D:11     | Found a runed translucent gate.
 19647 | D:11     | Found a runed translucent gate.
 19647 | D:11     | Found a runed translucent gate.
 20116 | D:12     | Noticed Maurice
 20512 | D:12     | Killed Maurice
 20696 | D:12     | Noticed Jorgrun
 20705 | D:12     | Killed Jorgrun
 20705 | D:12     | Received a gift from Okawaru
 20772 | D:12     | Noticed Gastronok
 20781 | D:12     | Killed Gastronok
 20930 | D:12     | Found Keotab's Antique Weapon Emporium.
 21270 | Orc:1    | Entered Level 1 of the Orcish Mines
 21270 | Orc:1    | Found a frozen archway.
 21305 | IceCv    | Entered an ice cave
 21478 | IceCv    | Received a gift from Okawaru
 21563 | IceCv    | Noticed a quicksilver ooze
 21569 | IceCv    | Killed a quicksilver ooze
 21569 | IceCv    | Received a gift from Okawaru
 22199 | IceCv    | Found a viscous altar of Jiyva.
 22199 | IceCv    | Noticed an azure jelly
 22214 | IceCv    | Killed an azure jelly
 22283 | IceCv    | Identified the amulet "Exirphil" {Faith Dex+2 SInv}
 22290 | IceCv    | Got the ring of the Aged Beds {Ice rCorr Str-5 Int+3}
 22292 | IceCv    | Got the Reference Book on the Frostbite
 22873 | Orc:2    | Entered Level 2 of the Orcish Mines
 23014 | Orc:2    | Found a one-way gate to the infinite horrors of the Abyss.
 23014 | Orc:2    | Found a corrupted altar of Lugonu.
 23014 | Orc:2    | Found a staircase to the Elven Halls.
 23495 | Orc:2    | Received a gift from Okawaru
 23496 | Orc:2    | Reached skill level 15 in Armour
 23567 | Orc:2    | Reached XP level 15. HP: 141/147 MP: 16/18
 23935 | Orc:2    | Found Failicke's Book Shoppe.
 23935 | Orc:2    | Found Fiuzia's Antique Weapon Emporium.
 23936 | Orc:2    | Found Basahar's Assorted Antiques.
 23942 | Orc:2    | Found Paalued's General Store.
 23955 | Orc:2    | Bought a scroll labelled SELLIMN SAHODA for 30 gold pieces
 23957 | Orc:2    | Acquired a manual of Armour
 24521 | D:7      | Bought a pair of faintly humming gloves for 266 gold pieces
 24521 | D:7      | Identified the +2 pair of gloves of Ditt {-Tele Harm Dex-4
                  | Stlth+} (You bought it in a shop on level 7 of the Dungeon)
 24524 | D:7      | Bought a potion of heal wounds for 140 gold pieces
 24524 | D:7      | Bought a scroll of identify for 56 gold pieces
 24687 | Orc:2    | Bought a scroll of enchant weapon for 225 gold pieces
 24690 | Orc:2    | Bought a wand of iceblast (5) for 120 gold pieces
 24692 | Orc:2    | Bought a ring of willpower for 350 gold pieces
 24903 | D:2      | Noticed Natasha
 24905 | D:2      | Killed Natasha
 25101 | D:13     | Found a runed translucent gate.
 25104 | D:13     | Found a runed translucent gate.
 25104 | D:13     | Found a runed translucent gate.
 25124 | D:13     | Noticed Ejaov's ghost (journeyman GnWr)
 25195 | D:13     | Reached skill level 1 in Evocations
 25250 | D:13     | Received a gift from Okawaru
 25892 | D:13     | Found a gate to the Vaults.
 26405 | D:14     | Identified the +7 trident of Muiram {freeze, Dex+3}
 26570 | D:14     | Reached skill level 5 in Evocations
 26618 | D:14     | Found Zonnuket's Overcharged Wands.
 27200 | D:14     | Received a gift from Okawaru
 27581 | D:15     | Entered Level 15 of the Dungeon
 27626 | D:15     | Found Irups's Weapon Emporium.
 27819 | D:15     | Received a gift from Okawaru
 28220 | D:15     | Found a staircase to the Depths.
 28233 | D:15     | Received a gift from Okawaru
 28389 | D:15     | Received a gift from Okawaru
 29206 | D:7      | Bought a scroll of blinking for 195 gold pieces
 29495 | D:10     | Bought 2 scrolls of fog for 52 gold pieces
 29722 | Swamp:1  | Entered Level 1 of the Swamp
 29753 | Lair:4   | Received a gift from Okawaru
 31084 | Swamp:1  | Received a gift from Okawaru
 31130 | Swamp:1  | Identified the +8 trident of the Dark Horse {holy, rF++
                  | Str+5} (Okawaru gifted it to you on level 1 of the Swamp)
 31130 | Swamp:1  | Received a gift from Okawaru
 31544 | Swamp:2  | Reached XP level 16. HP: 155/155 MP: 19/19
 32254 | Swamp:2  | Received a gift from Okawaru
 32620 | Swamp:2  | Received a gift from Okawaru
 33074 | Swamp:3  | Identified the +1 chain mail "Poth" {rElec Will+ MP+9
                  | Dex+2}
 33153 | Swamp:3  | Reached skill level 10 in Dodging
 33285 | Swamp:3  | Noticed Nikola
 33309 | Swamp:3  | Killed Nikola
 33862 | Swamp:4  | Entered Level 4 of the Swamp
 34066 | Swamp:4  | Received a gift from Okawaru
 34764 | Swamp:4  | Noticed a tentacled monstrosity
 34772 | Swamp:4  | Killed a tentacled monstrosity
 34772 | Swamp:4  | Received a gift from Okawaru
 35555 | Swamp:4  | Noticed a tentacled monstrosity
 35565 | Swamp:4  | Killed a tentacled monstrosity
 35565 | Swamp:4  | Identified the +0 cloak of the Barber Surgeon {+Inv rPois
                  | rC+ Regen+} (Okawaru gifted it to you on level 4 of the
                  | Swamp)
 35565 | Swamp:4  | Received a gift from Okawaru
 35891 | Swamp:4  | Reached XP level 17. HP: 148/162 MP: 23/23
 35906 | Swamp:4  | Reached skill level 10 in Invocations
 35923 | Swamp:4  | Got a decaying rune of Zot
 35930 | Swamp:4  | Noticed a tentacled monstrosity
 35935 | Swamp:4  | Killed a tentacled monstrosity
 36019 | Swamp:4  | Noticed Louise
 36033 | Swamp:4  | Killed Louise
 36366 | Spider:1 | Entered Level 1 of the Spider Nest
 36879 | Spider:1 | Identified the +2 buckler of the Midnight Sun {SInv Stlth+}
                  | (Okawaru gifted it to you on level 1 of the Spider Nest)
 36879 | Spider:1 | Received a gift from Okawaru
 37706 | Spider:2 | Reached skill level 10 in Polearms
 40408 | Spider:3 | Received a gift from Okawaru
 40492 | Spider:4 | Entered Level 4 of the Spider Nest
 40632 | Spider:4 | Received a gift from Okawaru
 40957 | Spider:4 | Noticed Arachne
 41113 | Spider:4 | Received a gift from Okawaru
 41162 | Spider:4 | Killed Arachne
 41162 | Spider:4 | Received a gift from Okawaru
 41440 | Spider:4 | Reached skill level 15 in Polearms
 42458 | Spider:4 | Received a gift from Okawaru
 42459 | Spider:4 | Reached XP level 18. HP: 153/170 MP: 24/24
 42512 | Spider:4 | Got a gossamer rune of Zot
 42586 | Spider:4 | Received a gift from Okawaru
 42897 | D:14     | Bought a wand of acid (25) for 986 gold pieces
 42970 | Vaults:1 | Entered Level 1 of the Vaults
 43298 | Vaults:1 | Identified the +8 arbalest of Wykkyicly {flame, rElec rF-
                  | Str-5 Int+8}
 44625 | Vaults:1 | Received a gift from Okawaru
 44723 | Vaults:1 | Found Tusa Kosk's Magic Scroll Shop.
 44739 | Vaults:1 | Bought a scroll of teleportation for 54 gold pieces
 44739 | Vaults:1 | Bought a scroll of teleportation for 54 gold pieces
 44739 | Vaults:1 | Bought a scroll of blinking for 135 gold pieces
 44739 | Vaults:1 | Bought a scroll of magic mapping for 63 gold pieces
 45795 | Vaults:2 | Reached skill level 10 in Evocations
 46464 | Vaults:2 | Noticed Bai Suzhen
 47424 | Vaults:2 | Killed Bai Suzhen
 47444 | Vaults:2 | Received a gift from Okawaru
 47882 | Vaults:2 | Received a gift from Okawaru
 48402 | Vaults:2 | Reached XP level 19. HP: 167/177 MP: 23/25
 48450 | Vaults:2 | Found Odduruel's Jewellery Shoppe.
 48459 | Vaults:2 | Bought a +4 ring of protection for 540 gold pieces
 48737 | Elf:1    | Entered Level 1 of the Elven Halls
 48778 | Elf:1    | Found a radiant altar of Vehumet.
 48959 | Elf:1    | Received a gift from Okawaru
 49009 | Elf:1    | Found Oddigeh's Antique Weapon Shop.
 49361 | Elf:1    | Received a gift from Okawaru
 50103 | Elf:1    | Found a runed translucent gate.
 50103 | Elf:1    | Found a runed translucent gate.
 50103 | Elf:1    | Found a runed translucent gate.
 50103 | Elf:1    | Found a runed translucent gate.
 50103 | Elf:1    | Found a runed translucent gate.
 50105 | Elf:1    | Found a runed translucent gate.
 50280 | Elf:1    | Found Yragus's Book Shoppe.
 50317 | Elf:1    | Found Wofuc's Jewellery Boutique.
 50318 | Elf:1    | Found Tef Ush's Book Shoppe.
 50391 | Orc:2    | Bought a book of Spatial Translocations for 312 gold pieces
 50396 | Orc:2    | Learned a level 2 spell: Blink
 50398 | Orc:2    | Bought a book of Weapons for 384 gold pieces
 50403 | Orc:2    | Learned a level 2 spell: Passwall
 50407 | Orc:2    | Learned a level 3 spell: Portal Projectile
 50470 | Elf:1    | Received a gift from Okawaru
 50516 | Elf:1    | Reached skill level 1 in Translocations
 51548 | Elf:2    | Cast into level 4 of the Abyss (a deep elf sorcerer)
 52022 | Elf:2    | Escaped the Abyss
 52024 | Elf:2    | Received a gift from Okawaru
 52488 | Elf:1    | Received a gift from Okawaru
 52744 | Elf:2    | Reached skill level 5 in Translocations
 53210 | Elf:2    | Found a runed translucent gate.
 53211 | Elf:2    | Found a runed translucent gate.
 53211 | Elf:2    | Found a runed translucent gate.
 53981 | Elf:2    | Upgraded the game from 0.29-a0-194-g6e3aafee17 to
                  | 0.29-a0-207-gf982a884d8
 54223 | Depths:1 | Entered Level 1 of the Depths
 54251 | D:15     | Reached skill level 1 in Spellcasting
 54254 | D:15     | Received a gift from Okawaru
 54975 | D:15     | Reached XP level 20. HP: 161/184 MP: 26/26
 55215 | D:15     | Received a gift from Okawaru
 55939 | Depths:1 | Received a gift from Okawaru
 56396 | Depths:1 | Acquired a +4 triple crossbow of flaming
 56401 | Depths:1 | Identified the +0 robe of Lies {rPois}
 56403 | Depths:1 | Found a runed translucent door.
 56437 | Depths:1 | Noticed Saint Roka
 56462 | Depths:1 | Killed Saint Roka
 56462 | Depths:1 | Received a gift from Okawaru
 57024 | Depths:1 | Found a gateway to Hell.
 57414 | Depths:2 | Received a gift from Okawaru
 57873 | Depths:2 | Found a one-way gate leading to the halls of Pandemonium.
 57904 | Depths:2 | Reached skill level 17 in Crossbows
 57931 | Depths:2 | Noticed the Enchantress
 57966 | Depths:2 | Killed the Enchantress
 58096 | Depths:2 | Identified the +1 spear of Interdependent Arising {elec,
                  | Str+5} (Okawaru gifted it to you on level 2 of the Depths)
 58096 | Depths:2 | Received a gift from Okawaru
 58317 | Depths:2 | Reached skill level 18 in Crossbows
 58423 | Depths:2 | Paralysed by a sphinx for 5 turns
 58797 | Depths:2 | Found Torgh's Jewellery Emporium.
 59062 | Depths:2 | Reached skill level 19 in Crossbows
 59291 | Depths:3 | Received a gift from Okawaru
 59716 | Depths:3 | Reached XP level 21. HP: 144/192 MP: 25/27
 59744 | Depths:3 | Received a gift from Okawaru
 60357 | Depths:3 | Reached skill level 20 in Crossbows
 60485 | Depths:3 | Found a one-way gateway to a ziggurat.
 60758 | Depths:4 | Entered Level 4 of the Depths
 60815 | Depths:4 | Found a transporter.
 60815 | Depths:4 | Noticed a golden dragon
 61411 | Depths:3 | Killed a golden dragon
 62033 | Depths:4 | Noticed a caustic shrike
 62070 | Depths:3 | Killed a caustic shrike
 62070 | Depths:3 | Received a gift from Okawaru
 62950 | Depths:4 | Paralysed by a great orb of eyes for 6 turns
 63517 | Depths:2 | Bought the ring of Xom's Fair Game {EV+4 Int+5} for 909
                  | gold pieces
 63560 | Depths:3 | Reached skill level 21 in Crossbows
 63905 | Depths:4 | Received a gift from Okawaru
 63953 | Depths:4 | Found an iron altar of Okawaru.
 64057 | Depths:4 | Found a transporter.
 64127 | Depths:4 | Found a broken altar of Ashenzari.
 64240 | Depths:4 | Identified the ring "Haosan" {*Corrode Fly Dex+6 Slay+4
                  | Stlth+}
 64243 | Depths:4 | Noticed Parghit
 64282 | Arena    | Entered the Arena
 64300 | Arena    | Killed Parghit
 64335 | Depths:4 | Paralysed by a hornet for 2 turns
 64563 | Depths:4 | Noticed a golden dragon
 64569 | Depths:4 | Killed a golden dragon
 64927 | Depths:4 | Identified the ring of Nyinn {rElec rPois rF- MP+9 Stlth+}
 64950 | Depths:3 | Received a gift from Okawaru
 65480 | Depths:4 | Found an ancient bone altar of Kikubaaqudgha.
 65541 | Depths:4 | Noticed an ancient lich
 65551 | Depths:4 | Killed an ancient lich
 65782 | Depths:4 | Noticed a caustic shrike
 65804 | Depths:4 | Killed a caustic shrike
 65810 | Depths:4 | Received a gift from Okawaru
 66269 | Depths:4 | Identified the ring "Elaimap" {AC+4 Dex+2}
 66291 | Depths:4 | Received a gift from Okawaru
 66311 | Depths:4 | Found a gate to the Realm of Zot.
 66357 | Depths:4 | Reached skill level 22 in Crossbows
 66732 | Elf:3    | Entered Level 3 of the Elven Halls
 66877 | Elf:3    | Found a magical portal.
 66906 | WizLab   | Entered Iskenderun's Mystic Tower
 66991 | WizLab   | Reached XP level 22. HP: 156/201 MP: 28/28
 67077 | WizLab   | Received a gift from Okawaru
 67116 | WizLab   | Got Iskenderun's Disquisition on Battle Magic
 67116 | WizLab   | Got Iskenderun's Incunabulum of Analysis
 68819 | Elf:3    | Paralysed by an air elemental for 1 turns
 68840 | Elf:3    | Paralysed by an air elemental for 1 turns
 69024 | Elf:3    | Identified the +1 scale mail of Niunycwa {Harm Str-3 Dex+4}
 69331 | Elf:3    | Identified the +5 executioner's axe "Wyirr" {vorpal, rC+
                  | Str+3 Int-3}
 69331 | Elf:3    | Identified the ring of the Wary Quests {Ice Contam rElec
                  | rPois Int-2}
 69335 | Elf:3    | Identified the +1 halberd of Alleng {flame, rF+ Str+4
                  | Dex+4}
 69589 | Elf:3    | Identified the +5 ring mail "Asicex" {Will+++ Str-2 SInv}
 69589 | Elf:3    | Identified the amulet of the Visionary {Spirit rF+ Slay+2
                  | SInv Stlth+}
 69603 | Elf:3    | Identified the +5 quarterstaff of Cowardice {protect,
                  | Int+3}
 69607 | Elf:3    | Received a gift from Okawaru
 70027 | Elf:3    | HP: 2/209 [deep elf master archer/arrow (21)]
 70028 | Elf:3    | Shot with an arrow by a deep elf master archer

Illustrated notes

Levels and vault maps discovered:
D:1:      lightli_arrival_windingriver, layout_basic, serial_park_tiny_2,
          chequers_serial_rivers_room_a
D:2:      layout_loops_ring, minmay_misc_feat_nine_boxes, uniq_natasha
D:3:      layout_basic, ebering_ecumenical_altar_petrified
D:4:      layout_rooms, kennysheep_vampire_church, uniq_eustachio
D:5:      wad_river_or_something, layout_basic,
          minmay_temple_entry_drinking_statues, uniq_crazy_yiuf_cottage
D:6:      minmay_clustersquares, layout_basic, kennysheep_generic_room_3,
          uniq_maggie, uniq_blork_the_orc, uniq_pikel
D:7:      layout_loops_ring, nemelex_xobeh_ov_fountains_minmay, serial_shops,
          shop, shop, nicolae_shop_overgrown_old_shop, nicolae_square_shop,
          uniq_duvessa
D:8:      kennysheep_blocky_hall, layout_loops_ring,
          mainiacjoe_overflow_tiny_flanked, enter_bailey_4, st_stairs_11,
          minmay_hedge_maze, lemuel_old_faithful
D:9:      layout_rooms, nicolae_qazlal_style_of_elements, erik_lair_island,
          david_orc_3, gammafunk_ghost_hydra_chop, minmay_misc_feat_four_crosses
D:10:     layout_basic, nicolae_uskayaw_suspiria, tgw_xom, serial_shops,
          nicolae_inconvenience_store, kennysheep_generic_room_4
D:11:     layout_loops_corners, gammafunk_ghost_split
D:12:     layout_gridville, serial_shops, shop, uniq_jorgrun, uniq_maurice,
          uniq_gastronok
D:13:     layout_long_grid, david_vaults_2, maelrawn_ghost_gauntlet_escape
D:14:     layout_basic, hangedman_abyss_or_decor_slice,
          nicolae_shop_overcharged_wands
D:15:     hangedman_depths_entry_civil_slaughter, layout_gridville,
          serial_shops, nicolae_shop_hallway_stairs
Temple:   eino_temple_rhombus
Lair:1:   layout_long_grid, tgw_fedhas
Lair:2:   minmay_guarded_unrand_snakebite, layout_loops_ring,
          infiniplex_staircase_pool_2
Lair:3:   layout_hall_layers, hellmonk_spider_entry_not_the_bees, uniq_rupert
Lair:4:   layout_gridlike, palyth_hydra_swamp_entry, bobbens_dragon_lair_wall
Lair:5:   layout_small_grid, slime_altar_2, serial_bayou_shore_a
Lair:6:   wormcave, layout_big_grid, chequers_serial_rivers_room_a,
          grunt_megastairs_4, uniq_josephine
Swamp:1:  layout_falls_marsh, nicolae_swamp_oxbows
Swamp:2:  layout_basic_swamp, hangedman_swamp_pad
Swamp:3:  layout_basic_swamp, evilmike_swamp_ruin_rubble_1, swamp_pool3,
          infiniplex_staircase_pool, uniq_nikola
Swamp:4:  nzn_swamp_witches_coven, layout_basic_swamp, uniq_louise
Spider:1: layout_spider_delve
Spider:2: layout_chambers
Spider:3: layout_chambers, hellmonk_narrow_tunnel
Spider:4: spider_rune_water, uniq_arachne
Orc:1:    layout_diamond_mine, portal_ice_cave_entry_ice_simulacra
Orc:2:    st_orc_mages, layout_caves, amcnicky_altar_lugonu_corruption
Elf:1:    eino_elf_arrival_altar, layout_gridlike, serial_shops,
          nicolae_diamond_shop, orc_legates, hangedman_elf_represent,
          minmay_shop_grove
Elf:2:    nicolae_elf_blades_crystal_corner, layout_loops_corners, special_room
          [special_room_orc]
Elf:3:    elf_hall, layout_loops_corners, infiniplex_enter_wizlab_water
Vaults:1: nicolae_vaults_yaktaur_gun_rack, ontoclasm_vaults_ring_large,
          nicolae_vaults_little_squares_2, vaults_room_mumra_shop_pool,
          hangedman_vaults_stretched_pinwheel, grunt_vaults_funnel,
          st_more_cells, vaults_room_door_hall, vaults_dpeg_hooks,
          layout_vaults_omnigrid
Vaults:2: nicolae_vaults_little_squares_6, hangedman_vaults_slice,
          grunt_vaults_bifocal, hangedman_vaults_stream, vaults_dpeg_doors,
          v_misc_2, hangedman_vaults_restitches, layout_vaults_chaotic_city,
          serial_shops, nicolae_square_shop, uniq_bai_suzhen
Depths:1: layout_roguey, hangedman_abyss_or_decor_lesser_grid, grunt_metal_band,
          minmay_st_funbox, chequers_serial_rivers_micro_b, item_on_display_a,
          uniq_saint_roka
Depths:2: minmay_inside_and_out, layout_twisted_cross, grunt_decor_fettered,
          pan_entry, hell_entry, infiniplex_staircase_pool_1, minmay_shop_star,
          uniq_enchantress
Depths:3: minmay_the_grid_triangle_9x9_recursive_3
          [minmay_the_grid_triangle_9x9_pentomino_pain,
          minmay_the_grid_triangle_9x9_stretched_checkered,
          minmay_the_grid_triangle_9x9_steps,
          minmay_the_grid_triangle_9x9_prize_insulated,
          minmay_the_grid_triangle_9x9_negative_grid,
          minmay_the_grid_triangle_9x9_limited_checkers,
          minmay_the_grid_triangle_9x9_alien,
          minmay_the_grid_triangle_9x9_impossible_snake,
          minmay_the_grid_triangle_9x9_zippers_vertical], layout_honeycomb,
          enter_ziggurat_b, pan_entry, abyss_entry_small_statue_room,
          pf_hell_entry_tar_spiral, amcnicky_mini_rare_corridor_liquid,
          infiniplex_staircase_hallway_doors
Depths:4: hangedman_spin_cycle, hell_entry, uniq_parghit, uniq_josephina

Skill      XL: |  1  2  3  4  5  6  7  8  9 10 11 12 13 14 15 16 17 18 19 20 21 22 |
---------------+-------------------------------------------------------------------+-----
Crossbows      | 5 6 7 8 9 10 11 16 19 22 | 22.0
Armour         | 4 7 8 15 18 20 | 20.9
Dodging        | 6 7 9 12 14 | 14.7
Fighting       | 6 8 10 11 16 17 20 | 20.3
Shields        | 7 |  7.3
Invocations    | 2 6 9 10 | 10.5
Polearms       | 7 15 18 | 18.0
Evocations     | 6 13 | 13.0
Translocations | 7 8 |  8.3
Spellcasting   | 2 4 |  4.0
Stealth        | |  0.7

Action                   |  1- 3 |  4- 6 |  7- 9 | 10-12 | 13-15 | 16-18 | 19-21 | 22-24 || total
-------------------------+-------+-------+-------+-------+-------+-------+-------+-------++-------
Melee: Hand crossbow     |       |       |     1 |     1 |       |       |       |       ||     2
       Dagger            |       |       |     5 |    14 |       |       |       |       ||    19
       Headbutt          |       |       |     1 |     4 |     6 |    18 |   265 |    27 ||   321
       Trident           |       |       |       |       |    27 |    78 |    62 |       ||   167
       Punch             |       |       |       |       |     1 |     1 |     3 |       ||     5
       Arbalest          |       |       |       |       |       |     1 |       |       ||     1
       Glaive            |       |       |       |       |       |       |   845 |    85 ||   930
 Fire: Hand crossbow     |    92 |   158 |   393 |   455 |       |       |       |       ||  1098
       Arbalest          |       |       |       |   298 |  1256 |  1349 |   958 |       ||  3861
       Triple crossbow   |       |       |       |       |       |       |   321 |   234 ||   555
Throw: Dart              |       |       |       |     1 |     4 |    14 |       |       ||    19
 Cast: Blink             |       |       |       |       |       |       |     3 |       ||     3
Invok: Heroism           |       |     1 |     1 |    50 |    68 |    93 |   102 |    28 ||   343
       Finesse           |       |       |       |       |    12 |    13 |    15 |     9 ||    49
       Duel              |       |       |       |       |       |       |     1 |       ||     1
Evoke: Wand              |       |       |       |     3 |     1 |    57 |    46 |     1 ||   108
       Lightning rod     |       |       |       |       |       |    22 |    42 |     6 ||    70
       Phial of floods   |       |       |       |       |       |       |     4 |     2 ||     6
  Use: Potion            |       |     2 |     1 |       |       |    18 |     8 |     1 ||    30
       Scroll            |       |     5 |     5 |    21 |    18 |    23 |    11 |     3 ||    86
 Stab: Paralysed         |       |       |       |       |       |       |     1 |       ||     1
       Invisible         |       |       |       |       |       |       |     6 |       ||     6
Armor: Leather armour    |    19 |     1 |       |       |       |       |       |       ||    20
       Scale mail        |       |    23 |    44 |       |       |       |       |       ||    67
       Ring mail         |       |     7 |     3 |       |       |       |       |       ||    10
       Swamp dragon scal |       |       |    32 |   180 |   313 |   337 |    21 |       ||   883
       Chain mail        |       |       |     4 |       |       |       |       |       ||     4
       Storm dragon scal |       |       |       |       |       |       |   991 |   100 ||  1091
       Gold dragon scale |       |       |       |       |       |       |     2 |       ||     2
Dodge: Dodged            |    22 |    47 |   146 |   475 |   561 |   798 |  1276 |   168 ||  3493
Block: Buckler           |     1 |    13 |    47 |    90 |       |       |       |       ||   151

Table legend: (Time is in decaauts)
 A = Elapsed time spent in this place.
 B = Non-inter-level travel time spent in this place.
 C = Inter-level travel time spent in this place.
 D = Time resting spent in this place.
 E = Time spent auto-exploring this place.
 F = Levels seen in this place.
 G = Mean time per level.
                   A        B        C        D        E       F      G
               +--------+--------+--------+--------+--------+-----+--------+
         Total |  70108 |  63877 |   6231 |  20675 |  29528 |  45 | 1558.0 |
       Dungeon |  22148 |  19058 |   3090 |   5404 |  10087 |  15 | 1476.5 |
        Temple |      1 |      1 |      0 |      0 |      0 |   1 |    1.0 |
          Lair |   7998 |   7342 |    656 |   1315 |   4425 |   6 | 1333.0 |
         Swamp |   5854 |   5585 |    269 |   2142 |   2325 |   4 | 1463.5 |
   Spider Nest |   6143 |   5757 |    386 |    929 |   3797 |   4 | 1535.8 |
  Orcish Mines |   2812 |   2140 |    672 |    562 |   1078 |   2 | 1406.0 |
   Elven Halls |   6463 |   5981 |    482 |   2175 |   2287 |   3 | 2154.3 |
        Vaults |   5565 |   5336 |    229 |   2340 |   2056 |   2 | 2782.5 |
        Depths |  10183 |   9738 |    445 |   4502 |   2981 |   4 | 2545.8 |
         Abyss |    492 |    492 |      0 |    193 |     33 |   1 |  492.0 |
      Ice Cave |   1075 |   1075 |      0 |    481 |    217 |   1 | 1075.0 |
        Wizlab |   1344 |   1344 |      0 |    616 |    241 |   1 | 1344.0 |
         Arena |     24 |     24 |      0 |     13 |      0 |   1 |   24.0 |
               +--------+--------+--------+--------+--------+-----+--------+

Top non-repeatable levels by time:
Depths:3: 4204 daAuts
Vaults:1: 3363 daAuts
   Elf:1: 3032 daAuts
    D:15: 3019 daAuts
     D:5: 2703 daAuts
Depths:4: 2366 daAuts
Vaults:2: 2201 daAuts
  Lair:4: 2159 daAuts
Spider:4: 2145 daAuts
   Orc:2: 1914 daAuts
   Elf:3: 1906 daAuts
 Swamp:3: 1864 daAuts
Depths:1: 1826 daAuts
Depths:2: 1785 daAuts
     D:3: 1733 daAuts
